 Dungeon Crawl Stone Soup version 0.19-a0-517-gd6a9987 (webtiles) character file.

46 Skanax the Digger (level 3, 0/20 HPs)
             Began as a Gargoyle Earth Elementalist on June 6, 2016.
             Slain by a worm (7 damage)
             ... on level 2 of the Dungeon.
             The game lasted 00:06:05 (1171 turns).

Skanax the Digger (Gargoyle Earth Elementalist)     Turns: 1171, Time: 00:06:06

Health: 0/20       AC:  5    Str: 11    XL:     3   Next: 68%
Magic:  0/7        EV: 12    Int: 16    God:
Gold:   71         SH:  0    Dex: 10    Spells: 2 memorised, 3 levels left

rFire  . . .     SeeInvis .     f - +0 short sword
rCold  . . .     Gourm    .     c - +0 robe
rNeg   + . .     Faith    .     (no shield)
rPois  ∞         Spirit   .     (no helmet)
rElec  +         Dismiss  .     (no cloak)
rCorr  .         Reflect  .     (no gloves)
SustAt .         Harm     .     (no boots)
MR     .....                    (no amulet)
Stlth  ++........               (no ring)
                                (no ring)

@: not resistant to hostile enchantments, unstealthy
A: negative energy resistance 1, electricity resistance, unbreathing,
petrification resistance, rot immunity, AC +3
a: no special abilities


You were on level 2 of the Dungeon.
You were not hungry.

You visited 1 branch of the dungeon, and saw 2 of its levels.

You collected 71 gold pieces.

Inventory:

Hand Weapons
 f - a +0 short sword (weapon)
Missiles
 b - 40 stones (quivered)
Armour
 c - a +0 robe (worn)
Books
 e - a book of Geomancy

   Spells                             Type                      Level
   a - Sandblast                      Earth                        1
   b - Passwall                       Transmutation/Earth          2
   c - Stone Arrow                    Conjuration/Earth            3
   d - Petrify                        Transmutation/Earth          4
   e - Lee's Rapid Deconstruction     Earth                        5
Comestibles
 a - a chunk of flesh
 d - a bread ration


   Skills:
 - Level 0.4 Fighting
 + Level 1.9 Dodging
 - Level 2.1 Stealth
 * Level 2.6 Spellcasting
 * Level 0.4 Conjurations
   Level 0.7 Transmutations
 + Level 4.3 Earth Magic


You had 3 spell levels left.
You knew the following spells:

 Your Spells              Type           Power        Failure   Level  Hunger
a - Sandblast             Erth           ###...       3%          1    #......
b - Stone Arrow           Conj/Erth      #.....       21%         3    ###....


Dungeon Overview and Level Annotations

Branches:
Dungeon (2/15)

Altars:
Trog


Innate Abilities, Weirdness & Mutations

You are resistant to torment.
Your stone body is resilient. (AC +3)
You are immune to poison.
You resist negative energy. (rN+)
You are resistant to electric shocks. (rElec)
You can survive without breathing.
You are immune to petrification.
You are immune to rotting.


Message History

The blast of sand hits the worm.
The worm is heavily wounded.
The worm misses you.
You hit the worm.
The worm is heavily wounded.
The worm bites you but does no damage.
You hit the worm.
The worm is heavily wounded.
You completely miss the worm.
The worm is heavily wounded.
The worm barely misses you.
You hit the worm but do no damage.
The worm is heavily wounded.
The worm bites you.
You hit the worm.
The worm is heavily wounded.
You hit the worm.
The worm is almost dead.
The worm bites you!
You die...

_## #.........#
..8##......$..#
...##.........#
.8#.........#
##........>.
#.........#
#†..w....!#
##@>...#
#..##..#
###.###..# #...#
#..## #.###
#...# ##.###..##
#.#.#
#.........#
#.#.#
..#.###.#.#
#)#.#
#.#.###.#.######


You could see a worm.

Vanquished Creatures
  An adder (D:2)
  3 dart slugs (D:1)
  A giant gecko (D:1)
  3 ball pythons
  2 giant cockroaches (D:1)
  4 goblins (D:1)
  4 hobgoblins (D:1)
  3 bats (D:1)
  2 giant newts (D:1)
  3 kobolds
  4 rats (D:1)
30 creatures vanquished.

Notes
Turn   | Place    | Note
--------------------------------------------------------------
     0 | D:1      | Skanax the Gargoyle Earth Elementalist began the quest for the Orb.
     0 | D:1      | Reached XP level 1. HP: 10/10 MP: 3/3
   218 | D:1      | Reached skill level 4 in Earth Magic
   218 | D:1      | Reached XP level 2. HP: 12/15 MP: 0/5
   628 | D:1      | Reached XP level 3. HP: 20/20 MP: 2/6
   639 | D:1      | Learned a level 3 spell: Stone Arrow
  1145 | D:2      | Found a bloodstained altar of Trog.
  1171 | D:2      | Slain by a worm

Vault maps used:
D:1:      roderic_dead_forest, minmay_misc_feat_alley
D:2:      nicolae_overflow_hidden_temple

Skill      XL: |  1 |
---------------+----+-----
Earth Magic    | 4 |  4.3
Fighting       | |  0.4
Dodging        | |  1.9
Stealth        | |  2.1
Spellcasting   | |  2.6
Conjurations   | |  0.4
Transmutations | |  0.7

Action                   || total
-------------------------++-------
Melee: Unarmed           ||     4
       Short sword       ||    45
 Cast: Sandblast         ||    42
       Stone Arrow       ||     6
  Use: Scroll            ||     3
  Eat: Meat ration       ||     1
       Chunk             ||     1
Armor: Robe              ||    19
Dodge: Dodged            ||    31
